 Dungeon Crawl Stone Soup version 0.26-a0-812-g31a745ddcd (webtiles) character file.

Game seed: 13413395793057148201

123 ipx the Digger (level 4, -1/24 HPs)
             Began as a Deep Elf Earth Elementalist on Dec 9, 2020.
             Was an Initiate of Ashenzari.
             Slain by a worker ant (8 damage)
             ... on level 4 of the Dungeon.
             The game lasted 00:12:13 (900 turns).

ipx the Digger (Deep Elf Earth Elementalist)         Turns: 900, Time: 00:12:13

Health: -1/24      AC:  2    Str:  5    XL:     4   Next: 79%
Magic:  3/10       EV: 13    Int: 21    God:    Ashenzari [......]
Gold:   164        SH:  5    Dex: 15    Spells: 3/9 levels left

rFire    . . .     SeeInvis .   a - +1 rapier
rCold    . . .     Faith    .   (no shield)
rNeg     . . .     Spirit   .   c - +0 robe
rPois    .         Reflect  +   (no helmet)
rElec    .         Harm     .   (no cloak)
rCorr    .         Rampage  .   (no gloves)
MR       .....                  (no boots)
Stlth    ++........             X - amulet of reflection
HPRegen  0.08/turn              (no ring)
MPRegen  0.12/turn              (no ring)

@: lethally poisoned (-1 -> -10)
A: no striking features
a: Curse Item, Renounce Religion


You were on level 4 of the Dungeon.
You worshipped Ashenzari.
Ashenzari was noncommittal.
You visited 1 branch of the dungeon, and saw 4 of its levels.

You collected 164 gold pieces.

Inventory:

Hand Weapons
 a - a +1 rapier (weapon)
Missiles
 b - 131 stones (quivered)
 p - 3 boomerangs
Armour
 c - a +0 robe (worn)
 n - a +0 helmet
Jewellery
 J - an uncursed amulet of faith
 X - an amulet of reflection (around neck)
Scrolls
 d - a scroll of magic mapping {unknown}
 e - 3 scrolls of identify {unknown}
 f - 2 scrolls of enchant weapon
 g - a scroll of fear
 h - a scroll of remove curse
 j - a scroll of teleportation {unknown}
 m - a scroll of fog {unknown}
 q - a scroll of blinking {unknown}
Potions
 i - a potion of attraction
 k - 2 potions of heal wounds {unknown}
 l - 2 potions of lignification {unknown}
 o - a potion of curing {unknown}
 r - a potion of mutation {unknown}


   Skills:
 - Level 2.4 Dodging
 - Level 2.4 Stealth
 - Level 3.0 Spellcasting
 + Level 1.9 Conjurations
 - Level 2.0 Transmutations
 * Level 5.4 Earth Magic


You had 3 spell levels left.
You knew the following spells:

 Your Spells              Type           Power        Failure   Level
q - Sandblast             Erth           ####..       1%          1
r - Stone Arrow           Conj/Erth      ###...       9%          3
w - Passwall              Tmut/Erth      ###.....     4%          2

Your spell library contained the following spells:

 Spells                   Type           Power        Failure   Level
 Petrify                  Tmut/Erth      ###.....     28%         4
 Lee's Rapid Deconstruct  Erth           ####......   36%         5


Dungeon Overview and Level Annotations

Branches:
Dungeon (4/15)
 Temple: D:4-7

Altars:
Ashenzari
Gozag

Shops:
D:4 *


Message History

Casting: Sandblast (safe; 1% risk of failure)
Confirm with . or Enter, or press ? or * to list all spells.
Aiming: Sandblast (safe; 1% risk of failure)
Press: ? - help, Shift-Dir - straight line, f/p - worker ant
Aim: a worker ant (severely wounded)
The blast of sand hits the worker ant.
You kill the worker ant!
b - 132 stones You feel sick.
You block the worker ant's attack.
Casting: Sandblast (safe; 1% risk of failure)
Confirm with . or Enter, or press ? or * to list all spells.
Aiming: Sandblast (safe; 1% risk of failure)
Press: ? - help, Shift-Dir - straight line, f - worker ant
Aim: a worker ant The blast of sand hits the worker ant!
The worker ant is almost dead.
b - 131 stones
* * * LOW HITPOINT WARNING * * *
You feel sick. The worker ant bites you!
You die...

.......#.#..##.#
........##.###.. ##...#
....#......##...##......
....#.....##.....#......
....#....##.........?.#
....#...##............
#...#..##...........
##..#.##.......B..#
.######.........@.#
..#...#...........##
###._.#######.#....#
..'...#............#
..######..........##
.##.#..##.........##
##..#...##.........#
#...#....##........#
....#.....##...##.##


You could see a worker ant.

Vanquished Creatures
  A jelly (D:3)
  A worker ant (D:4)
  2 adders (D:2)
  2 adder skeletons (D:4)
  2 worms
  2 dart slugs
  2 leopard geckos
  4 bats
  2 giant cockroaches
  5 goblins
  4 hobgoblins
  4 frilled lizards
  A kobold (D:1)
  4 rats
36 creatures vanquished.

Notes
Turn   | Place    | Note
-------+----------+-------------------------------------------
     0 | D:1      | ipx the Deep Elf Earth Elementalist began the quest for the
                  | Orb.
     0 | D:1      | Reached XP level 1. HP: 10/10 MP: 6/6
   179 | D:1      | Reached XP level 2. HP: 15/15 MP: 5/8
   181 | D:1      | Reached skill level 4 in Earth Magic
   254 | D:1      | Learned a level 2 spell: Passwall
   350 | D:2      | Reached XP level 3. HP: 19/19 MP: 6/9
   355 | D:2      | Learned a level 3 spell: Stone Arrow
   373 | D:2      | You fall into a shaft and drop 1 floor!
   450 | D:3      | Reached skill level 1 in Conjurations
   450 | D:3      | Reached XP level 4. HP: 15/24 MP: 5/10
   503 | D:3      | Reached skill level 5 in Earth Magic
   509 | D:3      | Found an opulent altar of Gozag.
   795 | D:4      | Noticed an ogre
   799 | D:4      | Found Poippath's Lightly-Used Armoury.
   831 | D:4      | Found a broken altar of Ashenzari.
   844 | D:4      | Became a worshipper of Ashenzari the Shackled
   850 | D:4      | Noticed a phantom
   900 | D:4      | Slain by a worker ant

Illustrated notes

Levels and vault maps discovered:
D:1:      dpeg_arrival_orchard, layout_basic
D:2:      layout_basic
D:3:      layout_loops_ring, gup_sewer_entry_spiral,
          nicolae_gozag_cash_rules_everything_around_me
D:4:      minmay_general_purpose_star, layout_cave_pools,
          nicolae_ashenzari_panopticon, serial_shops, nicolae_shop_stone,
          minmay_shop_damaged, corexii_shack, minmay_misc_feat_five

Skill      XL: |  1  2  3  4 |
---------------+-------------+-----
Earth Magic    | 4 5 |  5.4
Conjurations   | 1 |  1.9
Transmutations | 2 |  2.0
Dodging        | |  2.4
Stealth        | |  2.4
Spellcasting   | |  3.0

Action                   |  1- 3 |  4- 6 || total
-------------------------+-------+-------++-------
 Cast: Sandblast         |    28 |    23 ||    51
       Passwall          |       |     2 ||     2
  Use: Potion            |     2 |       ||     2
       Scroll            |       |     2 ||     2
Dodge: Dodged            |     4 |     3 ||     7
Block: Other             |       |     2 ||     2

Table legend: (Time is in decaauts)
 A = Elapsed time spent in this place.
 B = Non-inter-level travel time spent in this place.
 C = Inter-level travel time spent in this place.
 D = Time resting spent in this place.
 E = Time spent auto-exploring this place.
 F = Levels seen in this place.
 G = Mean time per level.
                   A        B        C        D        E       F      G
               +--------+--------+--------+--------+--------+-----+--------+
         Total |    887 |    887 |      0 |      0 |      0 |   4 |  221.8 |
       Dungeon |    887 |    887 |      0 |      0 |      0 |   4 |  221.8 |
               +--------+--------+--------+--------+--------+-----+--------+

Top non-repeatable levels by time:
     D:3: 369 daAuts
     D:1: 308 daAuts
     D:4: 125 daAuts
     D:2: 83 daAuts
